 Dungeon Crawl Stone Soup version 0.29.1-15-g9cfb28693d (webtiles) character file.

Game seed: 69376342031335171

8 Gustavia the Trooper (level 2, -1/26 HPs)
             Began as a Draconian Berserker on Mar 20, 2023.
             Was a Follower of Trog.
             Slain by a rat (3 damage)
             ... on level 1 of the Dungeon.
             The game lasted 00:01:33 (75 turns).

Gustavia the Trooper (Draconian Berserker)            Turns: 75, Time: 00:01:34

Health: -1/26      AC:  4    Str: 19    XL:     2   Next: 0%
Magic:  2/2        EV: 12    Int:  7    God:    Trog [*.....]
Gold:   0          SH:  0    Dex: 10    Spells: 1/1 levels left

rFire   . . .      SeeInvis .   a - +0 spear
rCold   . . .      Faith    .   (no shield)
rNeg    . . .      Spirit   .   (body armour unavailable)
rPois   .          Reflect  .   (helmet restricted)
rElec   .          Harm     .   (no cloak)
rCorr   .          Rampage  .   (no gloves)
Will    .....                   (no boots)
Stlth   +.........              (no amulet)
HPRegen 0.08/turn               (no ring)
MPRegen 0.08/turn               (no ring)

@: no status effects
A: AC +4, unfitting armour, cold-blooded
a: Renounce Religion, Berserk


You were on level 1 of the Dungeon.
You worshipped Trog.
Trog was aware of your devotion.
You visited 1 branch of the dungeon, and saw 1 of its levels.

Inventory:

Hand Weapons
 a - a +0 spear (weapon)


   Skills:
 + Level 3.5 Fighting
 + Level 3.2 Polearms
 + Level 2.9 Dodging


You had one spell level left.
You didn't know any spells.
Your spell library was empty.

Dungeon Overview and Level Annotations

Branches:
Dungeon (1/15)

Altars:
Nemelex Xobeh


Innate Abilities, Weirdness & Mutations

Your plain brown scales are hard. (AC +4)
You cannot fit into any form of body armour.
You are cold-blooded and may be slowed by cold attacks.


Message History

You feel yourself speed up. The endoplasm freezes you.
You are frozen.
The endoplasm hits you. The hobgoblin hits you.
The endoplasm attacks as you move away!
The endoplasm hits you but does no damage.
Found a murky ruby potion.
You hit the hobgoblin but do no damage.
Your tail-slap misses the hobgoblin.
The hobgoblin is heavily wounded.
You hit the hobgoblin.
The hobgoblin is severely wounded.
The hobgoblin barely misses you. The endoplasm freezes you.
You are frozen.
* * * LOW HITPOINT WARNING * * *
You hit the hobgoblin.
You kill the hobgoblin!
Trog accepts your kill.
The endoplasm jiggles.
The endoplasm freezes you.
You are frozen.
* * * LOW HITPOINT WARNING * * *
You feel yourself slow down.
You aren't carrying any scrolls.
You aren't carrying any potions.
You hit the endoplasm.
The endoplasm is almost dead.
The endoplasm hits you but does no damage.
You barely miss the endoplasm.
The endoplasm is almost dead.
The endoplasm closely misses you.
The rat twitches its whiskers.
You hit the endoplasm.
You kill the endoplasm!
Trog accepts your kill.
You feel yourself speed up. The rat closely misses you.
You have reached level 2!
You barely miss the rat. The rat closely misses you.
You hit the rat but do no damage. The rat bites you.
You die...

#.### ...
##..$##. .. .
#..)... .!
..#.._..# . #
#....(.. .# ..#
#.# )..###.#...#
#..###w#.......##
#..#..gr@.......
#.....##†.......
#.....##.....##.
#.....##.....#
#.....##.....#
#............#
#.....##.....#
########.)..##
####..#


You could see a dart slug, a hobgoblin and a rat.

Vanquished Creatures
  2 endoplasms (D:1)
  A hobgoblin (D:1)
  A jackal (D:1)
  A kobold (D:1)
  A bat (D:1)
  A rat (D:1)
  A toadstool (D:1)
8 creatures vanquished.

Notes
Turn   | Place    | Note
-------+----------+-------------------------------------------
     0 | D:1      | Gustavia the Draconian Berserker began the quest for the
                  | Orb.
     0 | D:1      | Reached XP level 1. HP: 19/19 MP: 1/1
    54 | D:1      | Found a sparkling altar of Nemelex Xobeh.
    74 | D:1      | Reached XP level 2. HP: 2/26 MP: 2/2
    75 | D:1      | Slain by a rat

Illustrated notes

Levels and vault maps discovered:
D:1:      ldierk_water_garden, layout_basic, serial_shops,
          nicolae_shop_bloodbath_and_beyond, nicolae_shop_advertising_works
          [nicolae_subvault_shop_adworks], nicolae_shop_trees,
          shapermc_ecumenical_altar_notcrosses, minmay_hexomino_r4

Action                   || total
-------------------------++-------
Melee: Spear             ||    26
       Tailslap          ||     2
  Use: Potion            ||     1
Armor: Skin              ||     6
Dodge: Dodged            ||    14
